 Dungeon Crawl Stone Soup version 0.27-a0-1529-g1e82c303ef (webtiles) character file.

Game seed: 5889972403505627848

656 Lanoc the Chopper (level 7, -3/67 HPs)
             Began as a Troll Gladiator on July 11, 2021.
             Was a Believer of Makhleb.
             Killed by nerve-wracking pain
             ... invoked by Grinder
              (9 damage)
             ... on level 4 of the Dungeon.
             The game lasted 00:06:09 (2681 turns).

Lanoc the Chopper (Troll Gladiator)                 Turns: 2681, Time: 00:06:10

Health: -3/67      AC:  4    Str: 23    XL:     7   Next: 29%
Magic:  6/6        EV: 11    Int:  4    God:    Makhleb [**....]
Gold:   198        SH:  0    Dex: 13    Spells: 6/6 levels left

rFire    . . .     SeeInvis .   a - +0 war axe (chaos)
rCold    . . .     Faith    .   (no shield)
rNeg     . . .     Spirit   .   p - +0 robe
rPois    .         Reflect  .   c - +0 hat
rElec    .         Harm     .   (no cloak)
rCorr    .         Rampage  .   (gloves unavailable)
Will     .....                  (boots unavailable)
Stlth    +.........             (no amulet)
HPRegen  1.21/turn              (no ring)
MPRegen  0.10/turn              (no ring)

@: brilliant
A: large, unfitting armour, claws 3, regeneration 1, shaggy fur 1, tough skin 1,
hooves 1
a: Renounce Religion, Minor Destruction


You were on level 4 of the Dungeon.
You worshipped Makhleb.
Makhleb was pleased with you.
You visited 1 branch of the dungeon, and saw 5 of its levels.

You collected 198 gold pieces.

Inventory:

Hand Weapons
 a - a +0 war axe of chaos (weapon)
 b - a +3 hand axe
Armour
 c - a +0 hat (worn)
 p - a +0 robe (worn)
Wands
 s - a wand of mindburst (6)
Scrolls
 e - 2 scrolls of fear
 g - a scroll of enchant weapon
 i - 2 scrolls of fog
 k - a scroll of teleportation
 n - a scroll of enchant armour
 o - a scroll of silence
 r - a scroll of summoning
Potions
 j - 2 potions of might
 m - a potion of flight


   Skills:
 + Level 3.5 Fighting
 * Level 5.3 Axes
 - Level 1.7 Throwing
 + Level 4.1 Dodging


You had 6 spell levels left.
You didn't know any spells.
Your spell library contained the following spells:

 Spells                   Type           Power      Damage    Failure   Level
 Blink                    Tloc           N/A        N/A       65%         2
 Lesser Beckoning         Tloc           0%         N/A       86%         3
 Manifold Assault         Tloc           0%         N/A       100%        5


Dungeon Overview and Level Annotations

Branches:
Dungeon (5/15)
 Temple: D:4-7

Altars:
Makhleb

Shops:
D:1 [

Annotations:
D:4 Duvessa, Edmund, Grinder


Innate Abilities, Weirdness & Mutations

You are too large for most types of armour.
You have claws for hands.
Your natural rate of healing is unusually fast.
You are covered in fur. (AC +1)
You have tough skin. (AC +1)
You have large cloven feet.


Message History

Makhleb accepts your kill.
No target in view!
No target in view!
No target in view!
A goblin is nearby!
The goblin shouts!
You slash the goblin! You freeze the goblin.
You kill the goblin!
Makhleb accepts your kill.
Grinder is nearby!
You barely miss Grinder.
Grinder shouts!
You kick Grinder.
Grinder is lightly wounded.
Grinder hits you!
You writhe in agony.
You hit Grinder.
Grinder seems to grow stronger.
You kick Grinder.
Grinder is moderately wounded.
Grinder hits you!
You writhe in agony.
Grinder gestures at you.
You suddenly lose the ability to move!
Grinder hits you!
You writhe in agony.
Grinder hits you!
* * * LOW HITPOINT WARNING * * *
You writhe in agony.
* * * LOW HITPOINT WARNING * * *
Grinder hits you!
* * * LOW HITPOINT WARNING * * *
Grinder hits you but does no damage. Grinder hits you.
* * * LOW HITPOINT WARNING * * *
Grinder gestures at you. Pain shoots through your body!
* * * LOW HITPOINT WARNING * * *
You can move again.
Unknown command.
It was a potion of brilliance.
You feel clever all of a sudden. Grinder gestures at you.
Pain shoots through your body!
You die...

...## #.#
....#######.##.#.# ##
.>$<.................
....###........####.#
..@###)(.......# #.# #
##g.....###.#.## #.##.#
#S.#.#..# #..... ....
#.##.##.....#.#####.###
w..###..# #....5@..)..#
#...# .## ##..#####.#.#
#..###[ #. #.#.# ..##
#.#.# ...# #.#.# #.#
....... #.#.# #.#
....... #.#.# #.#
.?.##.. #.#.# #.# .###
. ######.#.###### #.#


You could see Grinder (strong).

Vanquished Creatures
  A steam dragon (D:3)
  A scorpion (D:3)
  Blork the orc (D:3)
  Dowan (D:4)
  A water moccasin skeleton (D:5)
  Jessica (D:3)
  An iguana (D:5)
  Ijyb (D:3)
  Natasha (thrice) (D:2)
  A hound skeleton (D:5)
  A gnoll (D:4)
  3 adders
  An ufetubus (D:5)
  2 worms (D:3)
  2 dart slugs
  7 orcs (D:3)
  7 endoplasms
  3 giant cockroaches
  5 hobgoblins
  10 jackals
  7 kobolds
  3 quokkas
  10 ball pythons
  5 bats
  5 frilled lizards
  6 goblins
  6 rats
95 creatures vanquished.

Vanquished Creatures (others)
  A scorpion (D:5)
  An adder (D:5)
  An ufetubus (D:5)
  An orc (D:5)
4 creatures vanquished.

Grand Total: 99 creatures vanquished

Notes
Turn   | Place    | Note
-------+----------+-------------------------------------------
     0 | D:1      | Lanoc the Troll Gladiator began the quest for the Orb.
     0 | D:1      | Reached XP level 1. HP: 19/19 MP: 0/0
   159 | D:1      | Reached XP level 2. HP: 28/28 MP: 1/1
   313 | D:1      | Found Wequanen's Antique Armour Boutique.
   324 | D:1      | Found a faded altar of an unknown god.
   332 | D:1      | Reached skill level 3 in Axes
   352 | D:1      | Became a worshipper of Makhleb the Destroyer
   352 | D:1      | Reached * piety under Makhleb
   385 | D:1      | Reached XP level 3. HP: 34/35 MP: 2/2
   788 | D:2      | Reached XP level 4. HP: 41/42 MP: 3/3
   879 | D:2      | Noticed Natasha
   886 | D:2      | Killed Natasha
   922 | D:2      | Noticed Natasha
   927 | D:2      | Killed Natasha
   927 | D:2      | Reached ** piety under Makhleb
   975 | D:2      | Noticed Natasha
   982 | D:2      | Killed Natasha
   983 | D:2      | Reached XP level 5. HP: 50/50 MP: 4/4
  1527 | D:3      | Reached skill level 4 in Axes
  1614 | D:3      | Noticed a steam dragon
  1625 | D:3      | Killed a steam dragon
  1626 | D:3      | Reached XP level 6. HP: 24/61 MP: 5/5
  1668 | D:3      | Noticed Jessica
  1674 | D:3      | Killed Jessica
  2088 | D:3      | Noticed Ijyb
  2102 | D:3      | Killed Ijyb
  2163 | D:4      | Noticed Grinder
  2168 | D:4      | Paralysed by Grinder for 5 turns
  2192 | D:3      | Gained mutation: You have large cloven feet. [potion of
                  | mutation]
  2403 | D:4      | Noticed Dowan
  2415 | D:4      | Killed Dowan
  2416 | D:4      | Reached skill level 5 in Axes
  2418 | D:4      | Noticed Duvessa
  2423 | D:5      | Entered Level 5 of the Dungeon
  2430 | D:5      | Reached XP level 7. HP: 57/67 MP: 6/6
  2442 | D:5      | Noticed a kobold demonologist
  2457 | D:5      | Noticed a neqoxec
  2457 | D:4      | Noticed Blork the orc
  2458 | D:4      | Noticed Edmund
  2527 | D:3      | Killed Blork the orc
  2674 | D:4      | Paralysed by Grinder for 7 turns
  2681 | D:4      | Killed from afar by Grinder

Illustrated notes

Levels and vault maps discovered:
D:1:      psy_arrival_terrarium, layout_rooms, serial_shops,
          nicolae_shop_competitors_out_of_business,
          ebering_ecumenical_altar_box, hex_intersection, minmay_octomino_c4
D:2:      layout_loops_ring, minmay_fractal_squares_5, uniq_natasha
D:3:      layout_loops_ring, ebering_dispersal_statue_hall, uniq_ijyb,
          uniq_jessica
D:4:      layout_loops_ring, kennysheep_nondescript, minmay_between,
          uniq_duvessa, uniq_grinder, uniq_edmund, uniq_blork_the_orc
D:5:      layout_cave_pools, xom_confusion_cloud, minmay_temple_entry_ruins,
          gammafunk_ghost_necromancy, nicolae_specific_store

Skill      XL: |  1  2  3  4  5  6  7 |
---------------+----------------------+-----
Axes           | 3 4 5 |  5.3
Fighting       | 2 3 |  3.5
Dodging        | 3 4 |  4.1
Throwing       | |  1.7

Action                   |  1- 3 |  4- 6 |  7- 9 || total
-------------------------+-------+-------+-------++-------
Melee: War axe           |   143 |    57 |    27 ||   227
       Hand axe          |       |    66 |       ||    66
       Kick              |       |     4 |    12 ||    16
Throw: Throwing net      |       |     4 |     1 ||     5
Evoke: Wand              |       |     1 |       ||     1
  Use: Potion            |       |     4 |     1 ||     5
       Scroll            |       |    10 |       ||    10
 Stab: Sleeping          |     1 |     2 |       ||     3
       Held in net/web   |       |     3 |       ||     3
Armor: Robe              |    67 |    38 |     9 ||   114
Dodge: Dodged            |   105 |    68 |    22 ||   195

Table legend: (Time is in decaauts)
 A = Elapsed time spent in this place.
 B = Non-inter-level travel time spent in this place.
 C = Inter-level travel time spent in this place.
 D = Time resting spent in this place.
 E = Time spent auto-exploring this place.
 F = Levels seen in this place.
 G = Mean time per level.
                   A        B        C        D        E       F      G
               +--------+--------+--------+--------+--------+-----+--------+
         Total |   2762 |   2638 |    124 |     15 |   1862 |   5 |  552.4 |
       Dungeon |   2762 |   2638 |    124 |     15 |   1862 |   5 |  552.4 |
               +--------+--------+--------+--------+--------+-----+--------+

Top non-repeatable levels by time:
     D:3: 1074 daAuts
     D:2: 714 daAuts
     D:1: 656 daAuts
     D:4: 279 daAuts
     D:5: 37 daAuts
